 Dungeon Crawl Stone Soup version 0.30.0-29-ga12c61a403 (webtiles) character file.

Game seed: 6087311982444171676

61 Irreverend the Trooper (level 3, -2/29 HPs)
             Began as a Demonspawn Fighter on June 5, 2023.
             Slain by a goblin
             ... wielding a +0 club
             ... led by Robin
              (4 damage)
             ... on level 2 of the Dungeon.
             The game lasted 00:01:44 (708 turns).

Irreverend the Trooper (Demonspawn Fighter)          Turns: 708, Time: 00:01:44

Health: -2/29      AC:  6    Str: 16    XL:     3   Next: 83%
Magic:  3/3        EV:  9    Int:  9    God:
Gold:   64         SH:  5    Dex: 14    Spells: 2/2 levels left

rFire   . . .        a - +0 long sword
rCold   . . .        c - +0 buckler
rNeg    . . .        b - +0 scale mail
rPois   .            (no helmet)
rElec   .            (no cloak)
rCorr   .            (no gloves)
SInv    .            (no boots)
Will    .....        (no amulet) Stlth
                     (no ring)
HPRegen 0.24/turn    (no ring)
MPRegen 0.08/turn

%: no passive effects
@: no status effects
A: ignite blood 2
a: no special abilities


You were on level 2 of the Dungeon.
You visited 1 branch of the dungeon, and saw 2 of its levels.

You collected 64 gold pieces.

Inventory:

Hand Weapons
 a - a +0 long sword (weapon)
Armour
 b - a +0 scale mail (worn)
 c - a +0 buckler (worn)
Jewellery
 h - a +6 ring of strength
Scrolls
 f - a scroll of blinking {unknown}
 g - a scroll of magic mapping {unknown}
Potions
 d - a potion of might
 e - a potion of heal wounds {unknown}
 i - a potion of haste {unknown}
 j - a potion of mutation {unknown}
 k - a potion of invisibility
 l - a potion of degeneration {unknown}


   Skills:
 + Level 3.3 Fighting
 * Level 2.8 Long Blades
 - Level 2.6 Armour
 + Level 1.2 Dodging
 + Level 3.1 Shields


You had 2 spell levels left.
You didn't know any spells.
Your spell library was empty.

Dungeon Overview and Level Annotations

Branches:
Dungeon (2/15)

Altars:

Shops:
D:1 =

Annotations:
D:2 Robin


Innate Abilities, Weirdness & Mutations

Your demonic aura often causes spilled blood to erupt in flames.


Message History

You are too injured to fight recklessly!
You are too injured to fight recklessly!
You are too injured to fight recklessly!
You are too injured to fight recklessly!
You are too injured to fight recklessly!
You are too injured to fight recklessly!
You are too injured to fight recklessly!
The hobgoblin attacks as you move away! The hobgoblin closely misses you.
The goblin attacks as you move away! The goblin hits you but does no damage.
The goblin barely misses you. The rat barely misses you.
You see here a frilled lizard corpse.
The rat barely misses you.
You hit the rat.
You kill the rat!
You miss the goblin. The goblin barely misses you.
You slash the goblin!
You kill the goblin!
The goblin hits you but does no damage. You block the hobgoblin's attack.
You see here a +0 club.
The goblin no longer looks unusually strong.
You barely miss the goblin. You hit the goblin.
You kill the goblin!
The hobgoblin hits you.
* * * LOW HITPOINT WARNING * * *
The hobgoblin no longer looks unusually strong.
Robin roars a battlecry!
The goblins go into a battle-frenzy!
The goblin shoots a sling bullet.
The sling bullet hits you but does no damage.
You see here a +0 dagger.
There are monsters nearby!
The goblin no longer looks unusually strong.
The hobgoblin no longer looks unusually strong.
Robin throws the goblin at you! The goblin completely misses you.
You closely miss the goblin.
The goblin no longer looks unusually strong.
Robin throws the goblin at you! You block the goblin's attack.
The goblin closely misses you. The goblin hits you with a +0 club.
You die...

#>†.................
#..........#..##...
#..<.....##......#
###########...####
##.### ######gg#####
##g..ggg.g.....
#####..##)##.g.....
#.....g@○g##ggg..?>
#.....g.####.......
#.......# #.......
######### #.......
.......


You could see Robin, 3 hobgoblins and 4 goblins.

Vanquished Creatures
  A gnoll (D:1)
  A worm (D:2)
  4 ball pythons (D:1)
  4 endoplasms (D:1)
  2 giant cockroaches (D:1)
  3 goblins
  10 hobgoblins
  5 kobolds (D:1)
  4 quokkas
  2 bats (D:1)
  2 frilled lizards
  5 rats
43 creatures vanquished.

Notes
Turn   | Place    | Note
-------+----------+-------------------------------------------
     0 | D:1      | Irreverend the Demonspawn Fighter began the quest for the
                  | Orb.
     0 | D:1      | Reached XP level 1. HP: 18/18 MP: 1/1
    63 | D:1      | Gained mutation: Your demonic aura sometimes causes spilled
                  | blood to erupt in flames. [demonic ancestry]
    63 | D:1      | Reached XP level 2. HP: 22/24 MP: 2/2
   170 | D:1      | Gained mutation: Your demonic aura often causes spilled
                  | blood to erupt in flames. [demonic ancestry]
   170 | D:1      | Reached XP level 3. HP: 29/29 MP: 3/3
   172 | D:1      | Found Vutzats's Jewellery Shoppe.
   238 | D:1      | Reached skill level 1 in Dodging
   683 | D:2      | Noticed Robin
   704 | D:2      | HP: 1/29 [hobgoblin[Robin] (5)]
   708 | D:2      | Slain by a goblin

Illustrated notes

Levels and vault maps discovered:
D:1:      lemuel_arrival_behind_the_door_small, layout_basic, serial_shops,
          shop, minmay_misc_feat_encased
D:2:      layout_rooms, basic_altar, basic_ecumenical_altar,
          kennysheep_another_room, uniq_terence, uniq_jessica, uniq_robin

Skill      XL: |  1  2  3 |
---------------+----------+-----
Long Blades    | 2 |  2.8
Shields        | 3 |  3.1
Dodging        | 1 |  1.2
Fighting       | |  3.3
Armour         | |  2.6

Action                     || total
---------------------------++-------
  Melee: Long sword        ||   115
 Armour: Scale mail        ||    46
  Dodge: Dodged            ||    84
  Block: Buckler           ||    20
